 Dungeon Crawl Stone Soup version 0.23-a0-241-g3b46b07 (webtiles) character file.

3603 PurpleRed the Magician (level 10, -1/68 HPs)
             Began as an Octopode Wanderer on Sept 26, 2018.
             Slain by Harold
             ... wielding a +1 glaive of freezing
              (2 damage)
             ... on level 9 of the Dungeon.
             The game lasted 00:38:24 (10583 turns).

PurpleRed the Magician (Octopode Wanderer)         Turns: 10583, Time: 00:38:24

Health: -1/68      AC:  1    Str: 12    XL:     10   Next: 10%
Magic:  15/21      EV: 15    Int: 16    God:
Gold:   622        SH:  0    Dex: 13    Spells: 12/23 levels left

rFire    . . .     SeeInvis .   a - +1 dagger
rCold    . . .     Gourm    .   (no shield)
rNeg     . . .     Faith    .   (helmet restricted)
rPois    .         Spirit   .   (no amulet)
rElec    .         Reflect  .   E - ring of stealth (curse)
rCorr    .         Harm     .   (no ring)
MR       .....                  (no ring)
Stlth    +++++.....             (no ring)
HPRegen  0.21/turn              (no ring)
MPRegen  0.17/turn              (no ring)
                                (no ring)
                                (no ring)

@: very slightly contaminated
A: almost no armour, stealthy swim, amphibious, 8 rings, constrict 8, camouflage
1, gelatinous body 1
a: no special abilities


You were on level 9 of the Dungeon.
You were hungry.

You visited 2 branches of the dungeon, and saw 10 of its levels.

You collected 622 gold pieces.

Inventory:

Hand Weapons
 a - a +1 dagger (weapon)
 b - a +2 flail of protection
 i - a +0 spear
 j - a +2 spear of venom
 A - a +0 falchion of holy wrath
Missiles
 d - 4 javelins (quivered)
 r - 30 tomahawks
Jewellery
 E - a cursed ring of stealth (left tentacle)
Wands
 o - a wand of iceblast (10)
 q - a wand of acid (13)
 y - a wand of random effects (22)
Scrolls
 e - 2 scrolls of magic mapping
 g - 2 scrolls of teleportation
 h - a scroll of blinking
 m - 4 scrolls of remove curse
 v - a scroll of enchant weapon
Potions
 c - a potion of curing
 k - 2 potions of might
 l - a potion of haste
 u - a potion of resistance
 z - a potion of flight
 B - 2 potions of invisibility
Comestibles
 f - 15 rations


   Skills:
 - Level 6.0 Fighting
 - Level 5.0 Short Blades
 - Level 3.8 Dodging
 - Level 6.0 Stealth
 + Level 7.3 Spellcasting
 - Level 6.4 Conjurations
   Level 3.0 Ice Magic
   Level 1.0 Earth Magic
 - Level 3.0 Poison Magic


You had 12 spell levels left.
You knew the following spells:

 Your Spells              Type           Power        Failure   Level  Hunger
a - Magic Dart            Conj           ####         1%          1    None
b - Call Imp              Summ           #.......     19%         2    None
c - Conjure Flame         Conj/Fire      ###.....     10%         3    ##.....
d - Blink                 Tloc           N/A          19%         2    None
e - Mephitic Cloud        Conj/Pois/Air  ###.....     10%         3    ##.....

Your spell library contained the following spells:

 Spells                   Type           Power        Failure   Level  Hunger
 Infusion                 Chrm           #...         12%         1    None
 Summon Small Mammal      Summ           #...         12%         1    None
 Shroud of Golubria       Chrm/Tloc      #.........   19%         2    None
 Slow                     Hex            #.......     19%         2    None
 Song of Slaying          Chrm           #.......     19%         2    None
 Call Canine Familiar     Summ           #.......     34%         3    ##.....
 Regeneration             Chrm/Necr      #.........   34%         3    ##.....
 Spectral Weapon          Hex/Chrm       #.......     34%         3    ##.....
 Summon Guardian Golem    Hex/Summ       #.......     34%         3    ##.....
 Summon Ice Beast         Ice/Summ       ##......     54%         4    ####...
 Summon Lightning Spire   Summ/Air       #.......     75%         4    ####...


Dungeon Overview and Level Annotations

Branches:
Dungeon (9/15)             Temple (1/1) D:6
   Lair: D:8-11         Orc: D:9-12

Altars:
Ashenzari
Cheibriados
Dithmenos
Elyvilon
Fedhas
Gozag
Hepliaklqana
Kikubaaqudgha
Makhleb
Nemelex Xobeh
Okawaru
Qazlal
Ru
Sif Muna
Trog
Uskayaw
Wu Jian
Xom
Yredelemnul
Zin
The Shining One
Beogh

Annotations:
D:4 2 transporters
D:9 Harold


Innate Abilities, Weirdness & Mutations

You cannot wear most types of armour.
You are very stealthy in the water. (Stealth+)
You are amphibious.
You can wear up to eight rings at the same time.
You can use your tentacles to constrict eight enemies at once.
Your skin changes colour to match your surroundings (Stealth+).
Your rubbery body absorbs attacks. (AC +1, EV +1)


Message History

Harold freezes you!
Casting: Call Imp (safe; 19% risk of failure)
Confirm with . or Enter, or press ? or * to list all spells.
You miscast Call Imp.
You are very lightly contaminated with residual magic.
Strange energies run through your body.
You constrict Harold, but do no damage.
Casting: Call Imp (safe; 19% risk of failure)
Confirm with . or Enter, or press ? or * to list all spells.
A beastly little devil appears in a puff of flame.
You constrict Harold, but do no damage.
Harold hits you with a glaive of freezing!!
* * * LOW HITPOINT WARNING * * *
Harold freezes you!
* * * LOW HITPOINT WARNING * * *
Your crimson imp hits Harold but does no damage.
You release your grip on Harold.
Harold hits you from afar with a glaive of freezing!
* * * LOW HITPOINT WARNING * * *
Harold freezes you.
You die...

###.####.#.#.#
#.....##.#.#.#
#.....##...#.#
##.....##..##.#
###...###.......#
#E#...#E#.#.....#
####...###.##.##.##
#..........##.....#
#...._.....#####@.#
#..........# #..#
####...###....5@5.#
#E#...#E######.#.#
###...### #. .#
#...##.##. .. .#
##........##. ##
#####.... .. ### ##


You could see Harold and a friendly crimson imp.

Vanquished Creatures
  4 yaks
  A hungry ghost (D:7)
  A black bear (D:6)
  7 orc warriors
  A sky beast (D:5)
  3 ogres
  An ice beast (D:4)
  A centaur (D:7)
  2 bullfrogs
  A water moccasin zombie (D:7)
  3 scorpions
  2 vampire bats (D:2)
  5 wights (D:6)
  A howler monkey (D:4)
  2 crimson imps (D:5)
  4 orc priests
  2 centaur skeletons (D:6)
  2 hounds
  9 orc wizards
  A bullfrog skeleton (D:6)
  2 iguanas
  7 worker ants
  3 worker ant zombies
  3 gnolls (D:4)
  10 adders
  An adder skeleton (D:8)
  A worm (D:4)
  3 dart slugs
  2 leopard geckos
  56 orcs
  3 bat skeletons (D:2)
  2 bat zombies (D:2)
  4 giant cockroaches
  6 goblins
  11 hobgoblins
  4 jackals (D:2)
  8 kobolds
  A ball python (D:1)
  7 bats
  A frilled lizard (D:5)
  A jackal zombie (D:4)
  6 rats
195 creatures vanquished.

Vanquished Creatures (collateral kills)
  A phantom (D:4)
  A crimson imp (D:6)
  A jelly (D:8)
  An orc (D:8)
4 creatures vanquished.

Grand Total: 199 creatures vanquished

Notes
Turn   | Place    | Note
-------+----------+-------------------------------------------
     0 | D:1      | PurpleRed the Octopode Wanderer began the quest for the
                  | Orb.
     0 | D:1      | PurpleRed set off with: a +0 spear, a potion of curing, a
                  | +0 dagger, a ration
     0 | D:1      | Reached XP level 1. HP: 16/16 MP: 2/2
     2 | D:1      | Learned a level 1 spell: Magic Dart
    90 | D:1      | Reached skill level 1 in Conjurations
    90 | D:1      | Reached XP level 2. HP: 19/21 MP: 2/4
   574 | D:2      | Reached XP level 3. HP: 24/26 MP: 5/5
   578 | D:2      | Reached skill level 2 in Spellcasting
   589 | D:2      | Learned a level 2 spell: Call Imp
   593 | D:2      | Learned a level 3 spell: Conjure Flame
   716 | D:2      | Found a hide-covered altar of Uskayaw.
  1331 | D:2      | Found an ancient bone altar of Kikubaaqudgha.
  1347 | D:2      | Reached XP level 4. HP: 15/31 MP: 2/8
  1361 | D:2      | Reached skill level 3 in Spellcasting
  1361 | D:2      | Reached XP level 5. HP: 6/36 MP: 3/9
  2362 | D:3      | Learned a level 2 spell: Blink
  2423 | D:3      | Found a white marble altar of Elyvilon.
  3445 | D:4      | Found a transporter.
  3462 | D:4      | Found a transporter.
  3486 | D:4      | Noticed a phantom
  3506 | D:4      | Killed a phantom
  3506 | D:4      | Reached XP level 6. HP: 15/42 MP: 5/11
  3762 | D:4      | Reached skill level 4 in Spellcasting
  4405 | D:4      | Found an iron altar of Okawaru.
  4416 | D:4      | Reached XP level 7. HP: 24/46 MP: 13/13
  4610 | D:5      | Entered Level 5 of the Dungeon
  4735 | D:5      | Learned a level 3 spell: Mephitic Cloud
  4904 | D:5      | Reached skill level 5 in Spellcasting
  4904 | D:5      | Reached skill level 5 in Conjurations
  5140 | D:5      | Noticed a yak
  5141 | D:5      | Noticed a yak
  5142 | D:5      | Noticed a yak
  5152 | D:5      | Noticed a yak
  5167 | D:4      | Killed a yak
  5167 | D:4      | Reached XP level 8. HP: 34/52 MP: 12/16
  5288 | D:5      | Found an opulent altar of Gozag.
  5542 | D:5      | Reached skill level 6 in Spellcasting
  5829 | D:4      | Killed a yak
  6231 | D:4      | Killed a yak
  6437 | D:5      | Found a deep blue altar of Sif Muna.
  6760 | D:5      | Killed a yak
  6841 | D:6      | Reached skill level 1 in Short Blades
  6855 | D:6      | Reached XP level 9. HP: 53/57 MP: 12/18
  7204 | D:6      | Found a staircase to the Ecumenical Temple.
  7211 | Temple   | Entered the Ecumenical Temple
  7376 | D:6      | Reached skill level 5 in Stealth
  8101 | D:7      | Found a hazy altar of Hepliaklqana.
  8246 | D:7      | Found a burning altar of Makhleb.
  8351 | D:7      | Reached skill level 5 in Fighting
  9230 | D:8      | Found Haphag's Antique Armour Shoppe.
  9503 | D:8      | HP: 1/62 [acid (7)]
  9704 | D:8      | Reached skill level 5 in Short Blades
 10032 | D:8      | Reached XP level 10. HP: 68/68 MP: 7/19
 10041 | D:8      | Found a roughly hewn altar of Beogh.
 10083 | D:8      | Reached skill level 7 in Spellcasting
 10528 | D:8      | Identified a scroll of acquirement
 10554 | D:9      | Found a stormy altar of Qazlal.
 10576 | D:9      | Noticed Harold
 10583 | D:9      | HP: 1/68 [Harold/glaive of freezing (7)]
 10583 | D:9      | Slain by Harold

Vault maps used:
D:1:      ebering_hopf_link
D:2:      kennysheep_vampire_church, eat_drink_and_be_merry_uskayaw
D:3:      nicolae_overflow_crystal_walls, first_ration
D:4:      gammafunk_steamed_eel, okawaru_altar_gauntlet_db
D:5:      lemuel_blue_sif_altar, nicolae_gozag_cash_rules_everything_around_me
D:6:      minmay_temple_entry_glassed_door
D:7:      lemuel_crystal_altar, lemuel_crystal_altar
D:8:      serial_shops, shop, special_room
D:9:      nicolae_qazlal_style_of_elements, kennysheep_little_box,
          lair_entry_dummy, hangedman_ranch, uniq_harold, uniq_grum, uniq_psyche
Temple:   nicolae_temple_no_exploring_needed

Skill      XL: |  1  2  3  4  5  6  7  8  9 10 |
---------------+-------------------------------+-----
Conjurations   | 1 2 3 4 6 |  6.4
Spellcasting   | 2 3 4 5 6 7 |  7.3
Poison Magic   | 3 |  3.0
Dodging        | 3 |  3.8
Stealth        | 4 6 |  6.0
Short Blades   | 1 5 |  5.0
Fighting       | 6 |  6.0
Ice Magic      | |  3.0
Earth Magic    | |  1.0

Action                   |  1- 3 |  4- 6 |  7- 9 | 10-12 || total
-------------------------+-------+-------+-------+-------++-------
Melee: Spear             |    46 |       |       |       ||    46
       Constrict         |    26 |    21 |    68 |     7 ||   122
       Tentacles         |    14 |    15 |    84 |     7 ||   120
       Dagger            |    50 |    39 |   175 |    24 ||   288
       Flail             |       |    63 |    93 |       ||   156
       Falchion          |       |       |    43 |       ||    43
Throw: Javelin           |       |     2 |     4 |       ||     6
 Cast: Magic Dart        |    16 |    32 |    59 |       ||   107
       Call Imp          |     2 |     2 |    14 |     2 ||    20
       Mephitic Cloud    |       |       |    43 |     5 ||    48
       Blink             |       |       |     1 |       ||     1
       Conjure Flame     |       |       |     8 |       ||     8
Evoke: Wand              |       |       |     1 |       ||     1
  Use: Scroll            |       |     6 |     6 |     5 ||    17
       Potion            |       |       |     1 |       ||     1
 Stab: Sleeping          |     6 |     7 |     2 |     1 ||    16
       Distracted        |     1 |       |       |       ||     1
       Confused          |       |       |    21 |     5 ||    26
  Eat: Chunk             |     1 |     7 |    25 |     2 ||    35
       Ration            |       |     1 |       |       ||     1
Armor: Skin              |    17 |    23 |    23 |       ||    63
Dodge: Dodged            |    94 |    59 |   141 |     6 ||   300
       Rpst.: Falchion   |       |       |     6 |       ||     6

Table legend:
 A = Non-vault XP
 B = Vault XP
 C = Vault XP percentage of total XP
 D = Non-vault monster count
 E = Vault monster count
 F = Vault count percentage of total count
                 A         B        C        D         E       F
            +---------+---------+-------+---------+---------+-------
      Total |    4378 |     770 |  15.0 |     161 |      38 |  19.1
            +---------+---------+-------+---------+---------+-------
        D:1 |      33 |       0 |   0.0 |      17 |       0 |   0.0
        D:2 |      58 |     115 |  66.5 |      21 |       7 |  25.0
        D:3 |      34 |       0 |   0.0 |      12 |       0 |   0.0
        D:4 |    1070 |      12 |   1.1 |      18 |       6 |  25.0
        D:5 |     781 |       0 |   0.0 |      22 |       0 |   0.0
        D:6 |    1138 |       0 |   0.0 |      32 |       0 |   0.0
        D:7 |     902 |       0 |   0.0 |      20 |       0 |   0.0
        D:8 |     362 |     643 |  64.0 |      19 |      25 |  56.8
            +---------+---------+-------+---------+---------+-------
